 Dungeon Crawl Stone Soup version 0.29.0-4-gdea44cf6ec (webtiles) character file.

Game seed: 12739630770634983054

1936 qw the Grappler (level 9, -1/74 HPs)
             Began as a Ghoul Fire Elementalist on Aug 30, 2022.
             Was a Follower of Okawaru.
             Slain by an eight-headed hydra (5 damage)
             ... on level 8 of the Dungeon.
             The game lasted 00:06:11 (6718 turns).

qw the Grappler (Ghoul Fire Elementalist)           Turns: 6718, Time: 00:06:12

Health: -1/74      AC: 19    Str: 16    XL:     9   Next: 18%
Magic:  11/11      EV:  6    Int: 10    God:    Okawaru [*.....]
Gold:   512        SH:  5    Dex:  9    Spells: 10/11 levels left

rFire   . . .      SeeInvis +     - Unarmed
rCold   + + .      Faith    .   l - +0 buckler
rNeg    + + +      Spirit   .   c - +0 plate armour
rPois   inf        Reflect  .   a - +1 helmet
rElec   .          Harm     .   g - +0 cloak
rCorr   .          Rampage  .   b - +1 pair of gloves of Midsummer {rC+}
Will    .....                   (no boots)
Stlth   ..........              n - amulet of regeneration
HPRegen 0.00/turn               q - ring of see invisible
MPRegen 0.12/turn               (no ring)

@: about to teleport, heroic, inhibited regen
A: claws 1, cold resistance 1, negative energy resistance 3, inhibited
regeneration, torment resistance 2, devour on kill
a: Renounce Religion, Heroism


You were on level 8 of the Dungeon.
You worshipped Okawaru.
Okawaru was aware of your devotion.
You visited 2 branches of the dungeon, and saw 9 of its levels.

You collected 512 gold pieces.


Innate Abilities, Weirdness & Mutations

You are immune to poison.
You have sharp fingernails.
Your flesh is cold resistant. (rC+)
You are immune to negative energy. (rN+++)
You do not regenerate when monsters are visible.
You are immune to unholy pain and torment.
You thrive by killing the living.


   Skills:
 - Level 5.1(10.1) Fighting
 - Level 3.0(8.0) Armour
 - Level 1.7(6.7) Dodging
 - Level 2.1(7.1) Stealth
 - Level 2.2(7.2) Shields
 + Level 9.5(14.5) Unarmed Combat
 - Level 1.7 Spellcasting
 - Level 0.7 Conjurations
 - Level 2.4 Fire Magic
 - Level 4.0 Invocations


You had 10 spell levels left.
You knew the following spells:

 Your Spells              Type           Power      Damage    Failure   Level
a - Foxfire               Conj/Fire      16%        2x1d4     100%        1

Your spell library contained the following spells:

 Spells                   Type           Power      Damage    Failure   Level
 Scorch                   Fire           10%        2d6       100%        2
 Conjure Flame            Conj/Fire      4%         6-21      100%        3
 Inner Flame              Hex/Fire       3%         N/A       100%        3
 Flame Wave               Conj/Fire      4%         2d5       100%        4

Inventory:

Armour
 a - a +1 helmet (worn)
 b - the +1 pair of gloves of Midsummer (worn) {rC+}
   (You found it on level 6 of the Dungeon)

   rC:        It protects you from cold.
 c - a +0 plate armour (worn)
 g - a +0 cloak (worn)
 l - a +0 buckler (worn)
Jewellery
 n - an amulet of regeneration (around neck)
 q - a ring of see invisible (left hand)
Scrolls
 o - a scroll of enchant weapon
 p - 3 scrolls of identify
Potions
 d - 5 potions of heal wounds
 e - 3 potions of curing
 f - a potion of haste
 h - a potion of cancellation
 i - a potion of might
 j - a potion of degeneration {unknown}
 r - a potion of invisibility {unknown}

Dungeon Overview and Level Annotations

Branches:
Dungeon (8/15)             Temple (1/1) D:5
   Lair: D:8-11

Altars:
Ashenzari
Cheibriados
Dithmenos
Fedhas
Gozag
Hepliaklqana
Kikubaaqudgha
Makhleb
Nemelex Xobeh
Okawaru
Qazlal
Ru
Sif Muna
Trog
Uskayaw
Vehumet
Xom
Yredelemnul

Shops:
D:7 (

Annotations:
D:3 1 runed translucent door, Crazy Yiuf
D:5 3 runed translucent doors, qw's ghost, novice TeWr


Message History

The eight-headed hydra bites you!
The eight-headed hydra bites you but does no damage.
The eight-headed hydra bites you.
You block the eight-headed hydra's attack.
The eight-headed hydra bites you but does no damage.
You block the eight-headed hydra's attack.
The eight-headed hydra barely misses you.
The eight-headed hydra bites you but does no damage.
6714 ||| Stepping ~*~*~tactically~*~*~ (outnumbered).
The kobold brigand attacks as you move away!
You block the kobold brigand's attack.
You completely miss the eight-headed hydra.
The eight-headed hydra is moderately wounded.
The kobold brigand hits you but does no damage.
The eight-headed hydra bites you but does no damage.
The eight-headed hydra bites you.
The eight-headed hydra bites you but does no damage.
You block the eight-headed hydra's attack.
The eight-headed hydra bites you but does no damage. x4
You hit the eight-headed hydra.
The eight-headed hydra is moderately wounded.
The kobold brigand hits you but does no damage.
You punch the eight-headed hydra!
The eight-headed hydra is heavily wounded.
The eight-headed hydra bites you but does no damage. x3
The eight-headed hydra bites you.
The eight-headed hydra bites you but does no damage. x2
The eight-headed hydra closely misses you.
The eight-headed hydra bites you!
6718 ||| READING scroll of teleportation.
As you read the scroll of teleportation, it crumbles to dust.
You feel strangely unstable.
The kobold brigand hits you with a +1 short sword of venom.
The eight-headed hydra bites you but does no damage. x2
The eight-headed hydra bites you.
The eight-headed hydra bites you but does no damage.
The eight-headed hydra bites you.
The eight-headed hydra bites you but does no damage.
The eight-headed hydra bites you.
You die...

..#.S .##.... #c..#
..#......
..#...#...^.....
...#...#.......
.....o.........
...=c..z....##
#.c....##. #######
#.........
##...#@####YK.......
#..#.#KD##..K#......
##.....cYKK.###.........
#..._...#.c## ........
#.......#..# ##..####...
#.#####....###... #...
#.#.((#....?.....# #...
#.#...#.##..###...###...
#.#####.##.## #..##...


You could see an eight-headed hydra, a centaur warrior, a yak, a kobold brigand,
a centaur, 2 dancing weapons and 2 kobolds.

Vanquished Creatures
  A water moccasin (D:6)
  A sky beast (D:7)
  A black bear (D:6)
  A centaur (D:6)
  2 phantoms
  A kobold brigand (D:7)
  3 bullfrogs
  2 necrophages (D:6)
  3 scorpions
  3 wights (D:7)
  2 hounds
  2 orc priests
  Jessica (D:2)
  3 iguanas
  Ijyb (D:5)
  Natasha (D:2)
  7 orc wizards
  3 gnolls (D:5)
  13 adders
  An ufetubus (D:4)
  2 worms
  A dart slug (D:1)
  15 orcs
  6 ball pythons
  7 bats
  5 endoplasms
  2 giant cockroaches
  7 hobgoblins
  8 jackals
  3 quokkas
  2 frilled lizards (D:3)
  6 goblins
  11 kobolds
  5 rats
132 creatures vanquished.

Vanquished Creatures (others)
  A plant (D:7)
1 creature vanquished.

Grand Total: 133 creatures vanquished

Notes
Turn   | Place    | Note
-------+----------+-------------------------------------------
     0 | D:1      | qw the Ghoul Fire Elementalist began the quest for the Orb.
     0 | D:1      | Reached XP level 1. HP: 14/14 MP: 2/2
     0 | D:1      | 0 ||| qw: Version: 0.1-a-90-g952f4b7
     0 | D:1      | 0 ||| qw: Game counter: 4259
     0 | D:1      | 0 ||| qw: Always use a shield: true
     0 | D:1      | 0 ||| qw: God list: Okawaru
     0 | D:1      | 0 ||| qw: Allow faded altars: false
     0 | D:1      | 0 ||| qw: Do Orc after D:15 true
     0 | D:1      | 0 ||| qw: Do second Lair branch before Depths: true
     0 | D:1      | 0 ||| qw: Lair rune preference: random
     0 | D:1      | 0 ||| qw: Plans: Normal
     0 | D:1      | 0 ||| PLANNING D:1-11
   171 | D:1      | 171 ||| Stepping ~*~*~tactically~*~*~ (stealth).
   173 | D:1      | 173 ||| Stepping ~*~*~tactically~*~*~ (stealth).
   180 | D:1      | 180 ||| Stepping ~*~*~tactically~*~*~ (outnumbered).
   183 | D:1      | 183 ||| Stepping ~*~*~tactically~*~*~ (outnumbered).
   186 | D:1      | Reached skill level 1 in Unarmed Combat
   577 | D:1      | 577 ||| Stepping ~*~*~tactically~*~*~ (stealth).
   581 | D:1      | Reached XP level 2. HP: 16/22 MP: 3/3
   625 | D:1      | Reached skill level 1 in Fighting
   651 | D:1      | 651 ||| Stepping ~*~*~tactically~*~*~ (stealth).
   691 | D:1      | 691 ||| Stepping ~*~*~tactically~*~*~ (hiding).
   847 | D:1      | Reached skill level 2 in Unarmed Combat
  1108 | D:1      | 1108 ||| READING scroll labelled EFA NISULUFISS.
  1109 | D:1      | 1109 ||| READING scroll labelled MILUUR PUTS.
  1110 | D:1      | 1110 ||| READING scroll labelled BIUKIASONG.
  1111 | D:1      | 1111 ||| DROPPING potion of magic.
  1211 | D:2      | 1211 ||| Stepping ~*~*~tactically~*~*~ (stealth).
  1214 | D:2      | 1214 ||| Stepping ~*~*~tactically~*~*~ (stealth).
  1247 | D:2      | 1247 ||| Stepping ~*~*~tactically~*~*~ (stealth).
  1257 | D:2      | 1257 ||| Stepping ~*~*~tactically~*~*~ (stealth).
  1263 | D:2      | Reached XP level 3. HP: 27/28 MP: 4/4
  1327 | D:2      | Reached skill level 3 in Unarmed Combat
  1471 | D:2      | 1471 ||| FLEEEEING.
  1472 | D:2      | 1472 ||| FLEEEEING.
  1473 | D:2      | 1473 ||| FLEEEEING.
  1474 | D:2      | 1474 ||| FLEEEEING.
  1475 | D:2      | 1475 ||| FLEEEEING.
  1476 | D:2      | 1476 ||| FLEEEEING.
  1477 | D:2      | 1477 ||| FLEEEEING.
  1478 | D:2      | 1478 ||| FLEEEEING.
  1479 | D:2      | 1479 ||| FLEEEEING.
  1480 | D:2      | 1480 ||| FLEEEEING.
  1481 | D:2      | 1481 ||| FLEEEEING.
  1482 | D:2      | 1482 ||| FLEEEEING.
  1483 | D:2      | 1483 ||| FLEEEEING.
  1484 | D:2      | 1484 ||| FLEEEEING.
  1485 | D:2      | 1485 ||| FLEEEEING.
  1486 | D:2      | 1486 ||| FLEEEEING.
  1487 | D:2      | 1487 ||| FLEEEEING.
  1488 | D:2      | 1488 ||| FLEEEEING.
  1489 | D:2      | 1489 ||| FLEEEEING.
  1490 | D:2      | 1490 ||| FLEEEEING.
  1491 | D:2      | 1491 ||| FLEEEEING.
  1495 | D:2      | 1495 ||| FLEEEEING.
  1496 | D:2      | 1496 ||| FLEEEEING.
  1497 | D:2      | 1497 ||| FLEEEEING.
  1498 | D:2      | 1498 ||| FLEEEEING.
  1499 | D:2      | 1499 ||| FLEEEEING.
  1500 | D:2      | 1500 ||| FLEEEEING.
  1501 | D:2      | 1501 ||| FLEEEEING.
  1502 | D:2      | 1502 ||| FLEEEEING.
  1503 | D:2      | 1503 ||| FLEEEEING.
  1504 | D:2      | 1504 ||| FLEEEEING.
  1505 | D:2      | 1505 ||| FLEEEEING.
  1507 | D:2      | 1507 ||| FLEEEEING.
  1508 | D:2      | 1508 ||| FLEEEEING.
  1509 | D:2      | 1509 ||| FLEEEEING.
  1510 | D:2      | 1510 ||| FLEEEEING.
  1511 | D:2      | 1511 ||| FLEEEEING.
  1512 | D:2      | 1512 ||| FLEEEEING.
  1513 | D:2      | 1513 ||| FLEEEEING.
  1514 | D:2      | 1514 ||| STAIRDANCE
  1556 | D:1      | 1556 ||| UPGRADING to +0 plate armour.
  1566 | D:1      | 1566 ||| DROPPING +0 robe.
  1567 | D:1      | 1567 ||| DRINKING 2 puce potions.
  1691 | D:2      | Reached XP level 4. HP: 18/35 MP: 5/5
  1700 | D:2      | Reached skill level 1 in Armour
  1871 | D:2      | Noticed Jessica
  1892 | D:2      | Killed Jessica
  1893 | D:2      | Reached skill level 4 in Unarmed Combat
  2038 | D:2      | Reached XP level 5. HP: 33/40 MP: 6/6
  2219 | D:2      | Noticed Natasha
  2228 | D:2      | Killed Natasha
  2411 | D:2      | 2411 ||| UPGRADING to +0 helmet.
  2416 | D:2      | 2416 ||| UPGRADING to +0 buckler.
  2421 | D:2      | 2421 ||| READING 2 scrolls labelled EXTEOSTARE.
  2424 | D:2      | 2424 ||| READING scroll labelled LIEKUR BOWI.
  2425 | D:2      | 2425 ||| DRINKING 2 orange potions.
  2426 | D:2      | 2426 ||| DROPPING potion of brilliance.
  2460 | D:3      | 2460 ||| Stepping ~*~*~tactically~*~*~ (outnumbered).
  2461 | D:3      | 2461 ||| Stepping ~*~*~tactically~*~*~ (outnumbered).
  2462 | D:3      | 2462 ||| Stepping ~*~*~tactically~*~*~ (outnumbered).
  2482 | D:3      | 2482 ||| Stepping ~*~*~tactically~*~*~ (stealth).
  2497 | D:3      | Noticed a phantom
  2498 | D:3      | 2498 ||| Stepping ~*~*~tactically~*~*~ (stealth).
  2524 | D:3      | Killed a phantom
  2525 | D:3      | Reached XP level 6. HP: 33/50 MP: 7/7
  2667 | D:3      | 2667 ||| FLEEEEING.
  2668 | D:3      | 2668 ||| FLEEEEING.
  2669 | D:3      | 2669 ||| FLEEEEING.
  2670 | D:3      | 2670 ||| FLEEEEING.
  2671 | D:3      | 2671 ||| FLEEEEING.
  2672 | D:3      | 2672 ||| FLEEEEING.
  2673 | D:3      | 2673 ||| FLEEEEING.
  2680 | D:3      | 2680 ||| FLEEEEING.
  2681 | D:3      | 2681 ||| FLEEEEING.
  2682 | D:3      | 2682 ||| STAIRDANCE
  2721 | D:2      | 2721 ||| READING scroll labelled LUAWNIQEIR.
  2724 | D:3      | 2724 ||| Stepping ~*~*~tactically~*~*~ (hiding).
  2727 | D:3      | 2727 ||| Stepping ~*~*~tactically~*~*~ (hiding).
  2765 | D:3      | 2765 ||| FLEEEEING.
  2766 | D:3      | 2766 ||| STAIRDANCE
  2977 | D:3      | 2977 ||| Stepping ~*~*~tactically~*~*~ (stealth).
  2979 | D:3      | 2979 ||| Stepping ~*~*~tactically~*~*~ (stealth).
  3138 | D:3      | Found a runed translucent door.
  3139 | D:3      | Noticed Crazy Yiuf
  3209 | D:3      | Found a hazy altar of Hepliaklqana.
  3217 | D:3      | Reached skill level 5 in Unarmed Combat
  3219 | D:3      | Found an ancient bone altar of Kikubaaqudgha.
  3219 | D:3      | Found a sacrificial altar of Ru.
  3232 | D:3      | Found a basalt altar of Yredelemnul.
  3235 | D:3      | Found a bloodstained altar of Trog.
  3294 | D:3      | 3294 ||| READING scroll labelled SAURCH VEHE.
  3295 | D:3      | 3295 ||| READING 3 scrolls labelled EPHEKHUBEO.
  3296 | D:3      | 3296 ||| READING scroll labelled FOUWKESIMIKU.
  3297 | D:3      | 3297 ||| DROPPING 2 scrolls of poison.
  3413 | D:4      | 3413 ||| Stepping ~*~*~tactically~*~*~ (stealth).
  3531 | D:4      | 3531 ||| Stepping ~*~*~tactically~*~*~ (outnumbered).
  3532 | D:4      | 3532 ||| Stepping ~*~*~tactically~*~*~ (outnumbered).
  3533 | D:4      | 3533 ||| Stepping ~*~*~tactically~*~*~ (outnumbered).
  3534 | D:4      | 3534 ||| Stepping ~*~*~tactically~*~*~ (outnumbered).
  3535 | D:4      | 3535 ||| Stepping ~*~*~tactically~*~*~ (outnumbered).
  3536 | D:4      | 3536 ||| Stepping ~*~*~tactically~*~*~ (outnumbered).
  3537 | D:4      | 3537 ||| Stepping ~*~*~tactically~*~*~ (outnumbered).
  3538 | D:4      | 3538 ||| Stepping ~*~*~tactically~*~*~ (outnumbered).
  3545 | D:4      | Reached skill level 6 in Unarmed Combat
  3555 | D:4      | Reached XP level 7. HP: 49/56 MP: 8/8
  3695 | D:4      | HP: 14/56 [orc/+0 war axe (7)]
  3696 | D:4      | Reached skill level 3 in Fighting
  3696 | D:4      | 3696 ||| READING 3 scrolls of teleportation.
  3697 | D:4      | 3697 ||| DRINKING 2 potions of heal wounds.
  3709 | D:4      | 3709 ||| DRINKING 2 potions of curing.
  3709 | D:4      | 3709 ||| (to cure confusion)
  4041 | D:4      | 4041 ||| UPGRADING to amulet of regeneration.
  4046 | D:4      | 4046 ||| DRINKING 2 cyan potions.
  4078 | D:5      | Entered Level 5 of the Dungeon
  4103 | D:5      | Noticed qw's ghost (novice TeWr)
  4115 | D:5      | Identified the +1 short sword "Unes" {vorpal, rN+}
  4141 | D:5      | Found a runed translucent gate.
  4141 | D:5      | Found a runed translucent gate.
  4141 | D:5      | Found a runed translucent gate.
  4146 | D:5      | 4146 ||| Stepping ~*~*~tactically~*~*~ (stealth).
  4218 | D:5      | 4218 ||| Stepping ~*~*~tactically~*~*~ (stealth).
  4303 | D:5      | Noticed Ijyb
  4321 | D:5      | Paralysed by Ijyb for 2 turns
  4330 | D:5      | Killed Ijyb
  4331 | D:5      | 4331 ||| FLEEEEING.
  4522 | D:5      | 4522 ||| Stepping ~*~*~tactically~*~*~ (stealth).
  4525 | D:5      | Reached skill level 7 in Unarmed Combat
  4586 | D:5      | Found a staircase to the Ecumenical Temple.
  4587 | D:5      | 4587 ||| PLANNING TEMPLE
  4587 | D:5      | 4587 ||| UPGRADING to +0 cloak.
  4592 | D:5      | 4592 ||| READING scroll labelled RETTE ELUEL.
  4693 | D:5      | 4693 ||| READING 3 scrolls of identify.
  4693 | D:5      | 4693 ||| IDENTIFYING ruby potion
  4694 | D:5      | 4694 ||| READING 2 scrolls of identify.
  4694 | D:5      | 4694 ||| IDENTIFYING fuming orange potion
  4695 | D:5      | 4695 ||| DROPPING potion of flight.
  4701 | Temple   | Entered the Ecumenical Temple
  4735 | Temple   | Became a worshipper of Warmaster Okawaru
  4802 | Temple   | 4802 ||| PLANNING D:1-11
  4976 | D:5      | 4976 ||| READING 2 scrolls of teleportation.
  5033 | D:6      | Reached XP level 8. HP: 63/63 MP: 9/9
  5048 | D:6      | Identified the +7 dagger "Exiutuar" {antimagic, rElec rF+
                  | rN++ Int-5}
  5059 | D:6      | 5059 ||| Stepping ~*~*~tactically~*~*~ (hiding).
  5060 | D:6      | 5060 ||| Stepping ~*~*~tactically~*~*~ (hiding).
  5077 | D:6      | Reached skill level 8 in Unarmed Combat
  5117 | D:6      | Identified the +1 pair of gloves of Midsummer {rC+}
  5143 | D:6      | 5143 ||| Stepping ~*~*~tactically~*~*~ (stealth).
  5419 | D:6      | Reached skill level 3 in Armour
  5438 | D:6      | Reached * piety under Okawaru
  5638 | D:6      | Reached skill level 1 in Invocations
  5753 | D:6      | 5753 ||| UPGRADING to +1 pair of gloves of Midsummer {rC+}.
  5758 | D:6      | 5758 ||| UPGRADING to ring of see invisible.
  5759 | D:6      | 5759 ||| DRINKING 2 fuming clear potions.
  5760 | D:6      | 5760 ||| READING 2 scrolls of identify.
  5760 | D:6      | 5760 ||| IDENTIFYING fizzy white potion
  5761 | D:6      | 5761 ||| DROPPING potion of lignification.
  5800 | D:7      | 5800 ||| STAIRDANCE
  5808 | D:7      | 5808 ||| STAIRDANCE
  5834 | D:7      | 5834 ||| FLEEEEING.
  5835 | D:7      | 5835 ||| STAIRDANCE
  5959 | D:7      | 5959 ||| Stepping ~*~*~tactically~*~*~ (outnumbered).
  5963 | D:7      | 5963 ||| INVOKING Heroism.
  5969 | D:7      | Reached skill level 9 in Unarmed Combat
  5969 | D:7      | Reached skill level 3 in Invocations
  5971 | D:7      | 5971 ||| Stepping ~*~*~tactically~*~*~ (outnumbered).
  5978 | D:7      | Reached XP level 9. HP: 52/72 MP: 8/10
  5978 | D:7      | 5978 ||| Stepping ~*~*~tactically~*~*~ (outnumbered).
  5991 | D:7      | 5991 ||| Stepping ~*~*~tactically~*~*~ (stealth).
  5994 | D:7      | 5994 ||| Stepping ~*~*~tactically~*~*~ (stealth).
  6042 | D:7      | Found a blossoming altar of Fedhas.
  6104 | D:7      | 6104 ||| Stepping ~*~*~tactically~*~*~ (stealth).
  6120 | D:7      | 6120 ||| Stepping ~*~*~tactically~*~*~ (stealth).
  6121 | D:7      | 6121 ||| Stepping ~*~*~tactically~*~*~ (stealth).
  6122 | D:7      | 6122 ||| Stepping ~*~*~tactically~*~*~ (stealth).
  6168 | D:7      | Noticed a seven-headed hydra
  6171 | D:7      | Found Luhogoe's Hydra Hut.
  6285 | D:7      | 6285 ||| READING scroll of enchant armour.
  6285 | D:7      | 6285 ||| ENCHANTING +0 helmet.
  6551 | D:8      | 6551 ||| Stepping ~*~*~tactically~*~*~ (stealth).
  6553 | D:8      | Noticed a +0 dagger
  6553 | D:8      | Noticed a +0 dagger
  6570 | D:8      | 6570 ||| Stepping ~*~*~tactically~*~*~ (stealth).
  6573 | D:8      | 6573 ||| Stepping ~*~*~tactically~*~*~ (stealth).
  6575 | D:8      | 6575 ||| Stepping ~*~*~tactically~*~*~ (stealth).
  6578 | D:8      | 6578 ||| Stepping ~*~*~tactically~*~*~ (hiding).
  6581 | D:8      | 6581 ||| Stepping ~*~*~tactically~*~*~ (hiding).
  6592 | D:8      | 6592 ||| INVOKING Heroism.
  6651 | D:8      | 6651 ||| Stepping ~*~*~tactically~*~*~ (hiding).
  6653 | D:8      | 6653 ||| Stepping ~*~*~tactically~*~*~ (hiding).
  6665 | D:8      | Reached ** piety under Okawaru
  6673 | D:8      | Found a hide-covered altar of Uskayaw.
  6693 | D:8      | 6693 ||| Stepping ~*~*~tactically~*~*~ (hiding).
  6696 | D:8      | 6696 ||| INVOKING Heroism.
  6697 | D:8      | Noticed an eight-headed hydra
  6699 | D:8      | Noticed a centaur warrior
  6700 | D:8      | 6700 ||| Stepping ~*~*~tactically~*~*~ (outnumbered).
  6701 | D:8      | 6701 ||| Stepping ~*~*~tactically~*~*~ (hiding).
  6703 | D:8      | 6703 ||| Stepping ~*~*~tactically~*~*~ (outnumbered).
  6707 | D:8      | 6707 ||| Stepping ~*~*~tactically~*~*~ (outnumbered).
  6709 | D:8      | 6709 ||| Stepping ~*~*~tactically~*~*~ (outnumbered).
  6710 | D:8      | 6710 ||| Stepping ~*~*~tactically~*~*~ (outnumbered).
  6714 | D:8      | 6714 ||| Stepping ~*~*~tactically~*~*~ (outnumbered).
  6717 | D:8      | HP: 16/74 [eight-headed hydra (8)]
  6718 | D:8      | 6718 ||| READING scroll of teleportation.
  6718 | D:8      | HP: 4/74 [eight-headed hydra (5)]
  6718 | D:8      | Slain by an eight-headed hydra

Levels and vault maps discovered:
D:1:      dpeg_arrival_tiny_g, layout_loops_ring
D:2:      layout_rooms, uniq_jessica, uniq_natasha
D:3:      layout_rooms, minmay_overflow_temple_star_hex,
          chequers_serial_rivers_large_a, uniq_crazy_yiuf_cottage
D:4:      layout_rooms
D:5:      layout_rooms, minmay_temple_entry_fiery, gammafunk_ghost_icy,
          minmay_misc_feat_cross, uniq_ijyb
D:6:      layout_loops_ring
D:7:      layout_loops_ring, fedhas_altar_3, grunt_decor_arrowhead,
          doesnt_shop_hydraphobe
D:8:      cheibrodos_fzero, layout_layer_cave, dancing_weapons_uskayaw,
          lair_entry_dummy
Temple:   nicolae_temple_superstar

Skill      XL: |  1  2  3  4  5  6  7  8  9 |
---------------+----------------------------+-----
Unarmed Combat | 1 2 3 4 6 7 9 |  9.5
Fighting       | 1 2 3 4 5 |  5.1
Armour         | 1 2 3 |  3.0
Shields        | 2 |  2.2
Invocations    | 3 4 |  4.0
Dodging        | |  1.7
Stealth        | |  2.1
Spellcasting   | |  1.7
Conjurations   | |  0.7
Fire Magic     | |  2.4

Action                   |  1- 3 |  4- 6 |  7- 9 || total
-------------------------+-------+-------+-------++-------
Melee: Unarmed           |   134 |   201 |   278 ||   613
       Punch             |     1 |     1 |       ||     2
Throw: Boomerang         |       |    38 |    41 ||    79
Invok: Heroism           |       |       |     3 ||     3
  Use: Scroll            |     3 |     6 |     8 ||    17
       Potion            |     1 |     1 |     4 ||     6
 Stab: Sleeping          |     1 |       |       ||     1
Armor: Robe              |    18 |       |       ||    18
       Plate armour      |    34 |   127 |   211 ||   372
Dodge: Dodged            |    57 |    22 |    47 ||   126
Block: Buckler           |       |    21 |    45 ||    66

Table legend:
 A = Non-vault XP
 B = Vault XP
 C = Vault XP percentage of total XP
 D = Non-vault monster count
 E = Vault monster count
 F = Vault count percentage of total count
                 A         B        C        D         E       F
            +---------+---------+-------+---------+---------+-------
      Total |    2659 |     108 |   3.9 |     129 |       3 |   2.3
            +---------+---------+-------+---------+---------+-------
        D:1 |      28 |       0 |   0.0 |      15 |       0 |   0.0
        D:2 |     108 |      72 |  40.0 |      22 |       2 |   8.3
        D:3 |     231 |       0 |   0.0 |      21 |       0 |   0.0
        D:4 |     283 |       0 |   0.0 |      19 |       0 |   0.0
        D:5 |     330 |      36 |   9.8 |      15 |       1 |   6.2
        D:6 |     929 |       0 |   0.0 |      14 |       0 |   0.0
        D:7 |     550 |       0 |   0.0 |      14 |       0 |   0.0
        D:8 |     200 |       0 |   0.0 |       9 |       0 |   0.0
            +---------+---------+-------+---------+---------+-------
